 Dungeon Crawl Stone Soup version 0.31-a0-196-g86fe4a5e66 (webtiles) character file.

Game seed: 12484419201090045974

35 qw the Shooter (level 3, 0/20 HPs)
             Began as a Deep Elf Hunter on June 24, 2023.
             Succumbed to their own poison gas
             ... on level 1 of the Dungeon.
             The game lasted 00:00:21 (551 turns).

qw the Shooter (Deep Elf Hunter)                     Turns: 551, Time: 00:00:21

Health: 0/20       AC:  5    Str: 10    XL:     3   Next: 17%
Magic:  5/5        EV: 11    Int: 13    God:
Gold:   21         SH:  0    Dex: 18    Spells: 2/2 levels left

rFire   . . .        Y - +1 shortbow
rCold   . . .        (shield currently unavailable)
rNeg    . . .        g - +0 ring mail
rPois   .            (no helmet)
rElec   .            (no cloak)
rCorr   +            (no gloves)
SInv    .            (no boots)
Will    .....        (no amulet)
Stlth   +            f - ring of resist corrosion
HPRegen 0.23/turn    (no ring)
MPRegen 0.09/turn

%: no passive effects
@: lethally poisoned (0 -> -4)
A: no striking features
a: no special abilities


You were on level 1 of the Dungeon.
You visited 1 branch of the dungeon, and saw 1 of its levels.

You collected 21 gold pieces.


   Skills:
 - Level 1.5 Fighting
 + Level 6.8 Ranged Weapons
 - Level 2.4 Dodging
 - Level 1.2 Stealth


You had 2 spell levels left.
You didn't know any spells.
Your spell library was empty.

Inventory:

Hand Weapons
 Y - a +1 shortbow (weapon)
Armour
 g - a +0 ring mail (worn)
Jewellery
 f - a ring of resist corrosion (left hand)
Potions
 d - a potion of heal wounds
 e - a potion of degeneration {unknown}
 i - a potion of curing {unknown}
 j - a potion of lignification {unknown}

Dungeon Overview and Level Annotations

Branches:
Dungeon (1/15)

Altars:

Shops:
D:1 *


Message History

542 ||| READING scroll labelled ALLOOCWUMME.
As you read the scroll labelled ALLOOCWUMME, it crumbles to dust.
It is a scroll of enchant weapon.
Your +0 shortbow glows red for a moment.
Partly explored, can't reach some items and places.
543 ||| DRINKING 2 fizzy coppery potions.
It was a potion of heal wounds.
You feel much better.
Partly explored, can't reach some items and places.
544 ||| DROPPING scroll of butterflies.
You drop a scroll of butterflies.
Partly explored, can't reach some items and places.
(D) Dungeon
Where to? (* - list waypoints, ? - help)
What level of the Dungeon? (default 1, ? - help) Sorry, I don't know how to get there.
Enter note:
Enter note:
Enter note:
Enter note:
Enter note:
Enter note:
Enter note:
Enter note:
Enter note: Really walk into that cloud of poison gas?
You are engulfed in poison gas.
You are poisoned.
You feel very sick.
546 ||| Stepping ~*~*~tactically~*~*~ (cloud).
You feel very sick.
Things that are here:
a scroll of butterflies; a +0 leather armour
There is a lethal amount of poison in your body!
You feel very sick.
There is a lethal amount of poison in your body!
You feel sick.
There is a lethal amount of poison in your body!
You feel sick.
There is a lethal amount of poison in your body!
You feel sick.
There is a lethal amount of poison in your body!
You die...

##### ##.. #...#
### #...#######
#.........#
###.#####.## #.#
#..## #.# ##.#.
#########¤## #...
#¤@.00¤00..##
###.
#0.0#####00..####
#. #000#
#.......###.
#0¤¤#
#....#%...##
#¤¤¤#
#....#..#.##
#¤¤.#
####.##.....
¤¤00. #.####.##
¤.¤¤0. #.# #...
.?.?. #.# ###.


There were no monsters in sight!

Vanquished Creatures
  3 bats (D:1)
  An endoplasm (D:1)
  2 giant cockroaches (D:1)
  6 goblins (D:1)
  5 hobgoblins (D:1)
  5 jackals (D:1)
  A ball python (D:1)
  A kobold (D:1)
  5 rats (D:1)
29 creatures vanquished.

Vanquished Creatures (others)
  A bat (D:1)
  An endoplasm (D:1)
2 creatures vanquished.

Grand Total: 31 creatures vanquished

Notes
Turn   | Place    | Note
-------+----------+-------------------------------------------
     0 | D:1      | qw the Deep Elf Hunter began the quest for the Orb.
     0 | D:1      | Reached XP level 1. HP: 12/12 MP: 3/3
     0 | D:1      | 0 ||| qw: Version: 0.3-a-9-g12657ce
     0 | D:1      | 0 ||| qw: Game counter: 4787
     0 | D:1      | 0 ||| qw: Always use a shield: true
     0 | D:1      | 0 ||| qw: God list: Okawaru
     0 | D:1      | 0 ||| qw: Allow faded altars: false
     0 | D:1      | 0 ||| qw: Do Orc after D:15 true
     0 | D:1      | 0 ||| qw: Do second Lair branch before Depths: true
     0 | D:1      | 0 ||| qw: Lair rune preference: random
     0 | D:1      | 0 ||| qw: Plans: Normal
     0 | D:1      | 0 ||| PLANNING D:1-11
   167 | D:1      | Reached skill level 6 in Ranged Weapons
   167 | D:1      | Reached XP level 2. HP: 16/16 MP: 4/4
   170 | D:1      | Found Susug's General Store.
   186 | D:1      | 186 ||| SHOPLISTING potion of enlightenment (55 gold, have
                  | 7).
   186 | D:1      | 186 ||| SHOPLISTING scroll of enchant weapon (82 gold, have
                  | 7).
   186 | D:1      | 186 ||| SHOPLISTING scroll of teleportation (33 gold, have
                  | 7).
   351 | D:1      | Reached XP level 3. HP: 20/20 MP: 5/5
   528 | D:1      | 528 ||| UPGRADING to +0 ring mail.
   538 | D:1      | 538 ||| DROPPING +0 leather armour.
   539 | D:1      | 539 ||| UPGRADING to ring of resist corrosion.
   540 | D:1      | 540 ||| READING scroll labelled DIL XACSITHIHI.
   541 | D:1      | 541 ||| READING scroll labelled HEGILA PUESO.
   542 | D:1      | 542 ||| READING scroll labelled ALLOOCWUMME.
   543 | D:1      | 543 ||| DRINKING 2 fizzy coppery potions.
   544 | D:1      | 544 ||| DROPPING scroll of butterflies.
   546 | D:1      | 546 ||| Stepping ~*~*~tactically~*~*~ (cloud).
   548 | D:1      | HP: 4/20 [poisoned by you (poison gas)]
   550 | D:1      | HP: 1/20 [poisoned by you (poison gas)]
   551 | D:1      | Succumbed to their own poison gas

Levels and vault maps discovered:
D:1:      ncdulo_smallfort, layout_rooms, serial_curves, eino_curves_03,
          eino_curves_01, serial_shops, nicolae_shop_tiny_statue_garden,
          lemuel_flame_loot_1

Skill      XL: |  1 |
---------------+----+-----
Ranged Weapons | 6 |  6.8
Fighting       | |  1.5
Dodging        | |  2.4
Stealth        | |  1.2

Action                     || total
---------------------------++-------
   Fire: Shortbow          ||    75
    Use: Scroll            ||     3
         Potion            ||     1
 Armour: Leather armour    ||     8
  Dodge: Dodged            ||    13

Table legend:
 A = Non-vault XP
 B = Vault XP
 C = Vault XP percentage of total XP
 D = Non-vault monster count
 E = Vault monster count
 F = Vault count percentage of total count
                 A         B        C        D         E       F
            +---------+---------+-------+---------+---------+-------
      Total |      51 |       0 |   0.0 |      30 |       0 |   0.0
            +---------+---------+-------+---------+---------+-------
        D:1 |      51 |       0 |   0.0 |      30 |       0 |   0.0
            +---------+---------+-------+---------+---------+-------
